 Dungeon Crawl Stone Soup version 0.31.0-11-ge490571c62 (webtiles) character file.

Game seed: 10128434097514995

2592 qw the Skirmisher (level 9, -7/50 HPs)
             Began as a Deep Elf Hunter on Feb 3, 2024.
             Was a Believer of Okawaru.
             Shot with a sling bullet by Joseph (9 damage)
             ... on level 7 of the Dungeon.
             The game lasted 00:00:26 (5844 turns).

qw the Skirmisher (Deep Elf Hunter)                 Turns: 5844, Time: 00:00:26

Health: -7/50      AC:  9    Str: 12    XL:     9   Next: 33%
Magic:  13/14      EV: 13    Int: 15    God:    Okawaru [**....]
Gold:   367        SH:  0    Dex: 18    Spells: 8/8 levels left

rFire   . . .        h - +0 arbalest
rCold   . . .        (shield currently unavailable)
rNeg    . . .        r - +0 ring mail
rPois   .            g - +2 hood of the Assassin {Detect Stab+ Stlth++}
rElec   .            e - +1 cloak
rCorr   .            (no gloves)
SInv    .            (no boots)
Will    .....        (no amulet)
Stlth   +++          (no ring)
HPRegen 0.28/turn    (no ring)
MPRegen 0.14/turn

%: no passive effects
@: no status effects
A: no striking features
a: Renounce Religion, Heroism


You were on level 7 of the Dungeon.
You worshipped Okawaru.
Okawaru was pleased with you.
You visited 2 branches of the dungeon, and saw 8 of its levels.

You collected 367 gold pieces.


   Skills:
 - Level 3.0 Fighting
 + Level 14.7 Ranged Weapons
 - Level 1.4 Armour
 - Level 5.2 Dodging
 - Level 1.2 Stealth
 - Level 4.1 Invocations


You had 8 spell levels left.
You didn't know any spells.
Your spell library was empty.

Inventory:

Hand Weapons
 h - a +0 arbalest (weapon)
Armour
 d - +0 swamp dragon scales
 e - a +1 cloak (worn)
 g - the +2 hood of the Assassin (worn) {Detect Stab+ Stlth++}
   (You found it on level 3 of the Dungeon)

   Detect:    It allows the wearer to sense nearby creatures.
   Stab+:     It allows the wearer to make particularly effective stabbing
   attacks against helpless or unaware enemies with any weapon.
   Stlth++:   It makes you much more stealthy.
 r - a +0 ring mail (worn)
Jewellery
 b - an amulet of regeneration
Wands
 k - a wand of iceblast (11)
Potions
 f - 4 potions of curing
 i - 2 potions of might
 j - a potion of cancellation
 m - a potion of mutation
 o - a potion of enlightenment

Dungeon Overview and Level Annotations

Branches:
Dungeon (7/15)             Temple (1/1) D:4

Altars:
Ashenzari
Dithmenos
Elyvilon
Fedhas
Gozag
Hepliaklqana
Kikubaaqudgha
Makhleb
Nemelex Xobeh
Okawaru
Ru
Sif Muna
Uskayaw
Vehumet
Wu Jian
Xom
Yredelemnul
Zin
The Shining One

Annotations:
D:3 1 runed translucent door, Crazy Yiuf
D:7 Joseph


Message History

Joseph shouts, "At last, some action!"
You shoot a bolt. The bolt hits Joseph.
Joseph is lightly wounded.
The centaur shoots an arrow.
The arrow hits you!
The centaur shoots an arrow.
The arrow misses you.
An orc wizard comes into view. It is wielding a +0 dagger.
Joseph shoots a sling bullet.
The sling bullet barely misses you.
You shoot a bolt. The bolt hits Joseph.
Joseph is lightly wounded.
The centaur shoots an arrow.
The arrow barely misses you.
An orc comes into view. It is wielding a +0 dagger.
You shoot a bolt. The bolt barely misses Joseph.
The bolt hits the centaur!
You kill the centaur!
Okawaru accepts your kill.
Joseph shoots a sling bullet.
The sling bullet barely misses you.
You shoot a bolt.
The bolt hits Joseph but does no damage.
Joseph is lightly wounded.
You shoot a bolt. The bolt closely misses Joseph.
Joseph shoots a sling bullet.
The sling bullet hits you!
You hear a shout!
You shoot a bolt. The bolt hits Joseph!
Joseph is moderately wounded.
An orc comes into view. It is wielding a +0 dagger.
You shoot a bolt. The bolt hits Joseph!
Joseph is heavily wounded.
Joseph shoots a sling bullet.
The sling bullet hits you!
The orc wizard casts a spell.
The orc wizard flickers and vanishes!
Deactivating autopickup; reactivate with Ctrl-A.
You shoot a bolt. The bolt hits Joseph!!
Joseph is severely wounded.
Joseph shoots a sling bullet.
The sling bullet hits you.
You shoot a bolt. The bolt hits the orc!
You kill the orc!
Okawaru accepts your kill.
You hear the quick hiss of an avalanche of sand nearby.
You feel like a meek peon again.
Joseph shoots a sling bullet.
The sling bullet hits you!
You die...

#### #..### # #
!...## ...#. .....##
).)..{##.....##
#.o@)@......#
........###....###
...... #.......##
##... ###........#.
... ##..#.........
#.. ##...##.....<..
##.. #....#.........
#
#...###...#.........
.
#...##...........##


You could see Joseph and an orc.

Vanquished Creatures
  Maggie (D:7)
  Jeremiah (D:7)
  2 water moccasins
  2 ice beasts
  A black bear (D:7)
  An orc warrior (D:7)
  An ogre (D:4)
  2 centaurs (D:7)
  A phantom (D:4)
  2 bullfrogs
  3 scorpions
  3 killer bees (D:7)
  A howler monkey (D:5)
  2 hounds
  2 jellies
  An orc priest (D:4)
  A gnoll bouda (D:6)
  4 sleepcaps
  Jessica (D:3)
  3 iguanas
  2 orc wizards
  Robin (D:3)
  3 gnolls (D:6)
  6 adders
  A shadow imp (D:6)
  A white imp (D:7)
  2 dart slugs
  3 ribbon worms
  12 orcs
  7 ball pythons
  6 endoplasms
  3 giant cockroaches
  7 hobgoblins
  6 jackals
  4 quokkas
  4 bats (D:1)
  A frilled lizard (D:2)
  12 goblins
  5 kobolds
  7 rats
  A rat zombie (D:7)
129 creatures vanquished.

Notes
Turn   | Place    | Note
-------+----------+-------------------------------------------
     0 | D:1      | qw the Deep Elf Hunter began the quest for the Orb.
     0 | D:1      | Reached XP level 1. HP: 12/12 MP: 3/3
     0 | D:1      | 0 ||| qw: Version: 0.3-a-155-g5e7d8dd
     0 | D:1      | 0 ||| qw: Game counter: 3151
     0 | D:1      | 0 ||| qw: Melee chars always use a shield: true
     0 | D:1      | 0 ||| qw: God list: Okawaru
     0 | D:1      | 0 ||| qw: Allow faded altars: false
     0 | D:1      | 0 ||| qw: Do Orc after clearing Dungeon:15 true
     0 | D:1      | 0 ||| qw: Do second Lair branch before Depths: true
     0 | D:1      | 0 ||| qw: Lair rune preference: random
     0 | D:1      | 0 ||| qw: Goals: Normal
     0 | D:1      | 0 ||| PLANNING D:1-11
   236 | D:1      | Reached XP level 2. HP: 16/16 MP: 4/4
   255 | D:1      | Reached skill level 6 in Ranged Weapons
   711 | D:1      | 711 ||| READING scroll labelled FOPNEMYGOE.
   711 | D:1      | 711 ||| BRANDING +0 shortbow.
   712 | D:1      | 712 ||| READING scroll labelled TUQEF ASHIDGHE.
   713 | D:1      | 713 ||| READING scroll labelled NOYD CA HOENOU.
   714 | D:1      | 714 ||| READING scroll labelled SAREFIE WELOZ.
   717 | D:1      | 717 ||| DRINKING 4 viscous golden potions.
   718 | D:1      | 718 ||| DROPPING scroll of butterflies.
   891 | D:2      | Reached XP level 3. HP: 20/20 MP: 5/5
  1200 | D:2      | Found a white marble altar of Elyvilon.
  1442 | D:2      | Found a faded altar of an unknown god.
  1458 | D:2      | Reached skill level 7 in Ranged Weapons
  1564 | D:2      | 1564 ||| UPGRADING to +0 helmet.
  1569 | D:2      | 1569 ||| UPGRADING to +0 cloak.
  1574 | D:2      | 1574 ||| READING scroll labelled RADYTO NUMUVE.
  1575 | D:2      | 1575 ||| READING scroll labelled TIAPLYXTAGIM.
  1576 | D:2      | 1576 ||| READING scroll labelled NUCOUK OHIUTT.
  1576 | D:2      | 1576 ||| IDENTIFYING fizzy cyan potion
  1577 | D:2      | 1577 ||| DRINKING 2 fizzy blue potions.
  1690 | D:3      | Noticed an ice beast
  1702 | D:3      | Killed an ice beast
  1703 | D:3      | Reached skill level 8 in Ranged Weapons
  1703 | D:3      | Reached XP level 4. HP: 20/25 MP: 6/6
  1703 | D:3      | Reached XP level 5. HP: 23/29 MP: 7/7
  1741 | D:3      | Noticed Jessica
  1744 | D:3      | Killed Jessica
  1893 | D:3      | Reached skill level 9 in Ranged Weapons
  2039 | D:3      | Noticed Robin
  2042 | D:3      | Killed Robin
  2046 | D:3      | Reached skill level 3 in Dodging
  2072 | D:3      | Found the +2 hood of the Assassin {Detect Stab+ Stlth++}
  2328 | D:3      | Found a runed translucent door.
  2329 | D:3      | Noticed Crazy Yiuf
  2688 | D:3      | 2688 ||| UPGRADING to +2 robe of willpower.
  2698 | D:3      | 2698 ||| DROPPING +0 leather armour.
  2699 | D:3      | 2699 ||| UPGRADING to +2 hood of the Assassin {Detect Stab+
                  | Stlth++}.
  2709 | D:3      | 2709 ||| DROPPING +0 helmet.
  2810 | D:4      | Reached XP level 6. HP: 35/35 MP: 8/8
  2840 | D:4      | 2840 ||| FLEEEEING.
  2929 | D:4      | Reached skill level 10 in Ranged Weapons
  3177 | D:4      | Reached XP level 7. HP: 22/40 MP: 9/9
  3410 | D:4      | Found a staircase to the Ecumenical Temple.
  3411 | D:4      | 3411 ||| PLANNING TEMPLE
  3411 | D:4      | 3411 ||| READING scroll of identify.
  3411 | D:4      | 3411 ||| IDENTIFYING fizzy grey potion
  3412 | D:4      | 3412 ||| READING scroll labelled SUOTUODDAO.
  3412 | D:4      | 3412 ||| ENCHANTING +0 cloak.
  3413 | D:4      | 3413 ||| DROPPING potion of degeneration.
  3422 | Temple   | Entered the Ecumenical Temple
  3423 | Temple   | 3423 ||| PLANNING OKAWARU WORSHIP
  3432 | Temple   | Became a worshipper of Warmaster Okawaru
  3433 | Temple   | 3433 ||| PLANNING D:1-11
  3484 | D:5      | Entered Level 5 of the Dungeon
  3736 | D:5      | Reached skill level 11 in Ranged Weapons
  4443 | D:5      | 4443 ||| READING 2 scrolls of identify.
  4443 | D:5      | 4443 ||| IDENTIFYING smoky puce potion
  4444 | D:5      | 4444 ||| READING scroll of identify.
  4444 | D:5      | 4444 ||| IDENTIFYING cyan potion
  4445 | D:5      | 4445 ||| READING scroll labelled YXZIEDO HESKUOHUN.
  4690 | D:6      | Reached skill level 12 in Ranged Weapons
  4696 | D:6      | Reached * piety under Okawaru
  4830 | D:6      | Reached skill level 1 in Invocations
  4921 | D:6      | Reached XP level 8. HP: 45/45 MP: 9/11
  4960 | D:6      | Reached skill level 3 in Fighting
  5210 | D:6      | Reached skill level 3 in Invocations
  5261 | D:6      | 5261 ||| DROPPING +0 scale mail.
  5262 | D:6      | 5262 ||| UPGRADING to +0 ring mail.
  5272 | D:6      | 5272 ||| DROPPING +2 robe of willpower.
  5273 | D:6      | 5273 ||| DROPPING amulet of magic regeneration.
  5274 | D:6      | 5274 ||| READING scroll of identify.
  5274 | D:6      | 5274 ||| IDENTIFYING sedimented clear potion
  5275 | D:6      | 5275 ||| READING scroll labelled ROMUDY TEUHA.
  5276 | D:6      | 5276 ||| READING scroll labelled DUSEADOGGU.
  5276 | D:6      | 5276 ||| ENCHANTING +0 shortbow of draining.
  5298 | D:7      | 5298 ||| PLANNING OSSUARY
  5353 | D:7      | Reached skill level 1 in Armour
  5354 | D:7      | Reached ** piety under Okawaru
  5355 | D:7      | Noticed Maggie
  5356 | D:7      | 5356 ||| INVOKING Heroism.
  5369 | D:7      | Killed Maggie
  5370 | D:7      | Reached skill level 13 in Ranged Weapons
  5476 | D:7      | 5476 ||| SWAPPING to +0 arbalest.
  5477 | D:7      | 5477 ||| DROPPING +1 shortbow of draining.
  5495 | D:7      | Noticed Jeremiah
  5496 | D:7      | 5496 ||| INVOKING Heroism.
  5505 | D:7      | 5505 ||| FLEEEEING.
  5513 | D:7      | Killed Jeremiah
  5514 | D:7      | Reached XP level 9. HP: 28/50 MP: 14/14
  5667 | D:7      | Reached skill level 14 in Ranged Weapons
  5707 | D:7      | HP: 12/50 [poisoned by a killer bee]
  5736 | D:7      | 5736 ||| FLEEEEING.
  5737 | D:7      | 5737 ||| FLEEEEING.
  5737 | D:7      | Noticed Joseph
  5738 | D:7      | 5738 ||| INVOKING Heroism.
  5739 | D:7      | HP: 6/50 [Joseph/sling bullet (15)]
  5740 | D:7      | 5740 ||| READING scroll of teleportation.
  5741 | D:7      | 5741 ||| DRINKING potion of heal wounds.
  5833 | D:7      | 5833 ||| INVOKING Heroism.
  5842 | D:7      | HP: 6/50 [Joseph/sling bullet (10)]
  5843 | D:7      | HP: 1/50 [Joseph/sling bullet (5)]
  5844 | D:7      | Shot with a sling bullet by Joseph

Levels and vault maps discovered:
D:1:      matt_arrival_los_fun, layout_basic, serial_forest,
          infiniplex_forest_lined_4_way, infiniplex_forest_clump_long,
          infiniplex_forest_clump_tiny, infiniplex_forest_end_1,
          infiniplex_forest_clump_small, infiniplex_forest_join,
          infiniplex_forest_lined_room_3
D:2:      layout_loops_corners, basic_ecumenical_altar, basic_altar,
          dk_noncrumbling_2
D:3:      layout_basic, serial_curves, eino_curves_02, eino_curves_02,
          chequers_garden, uniq_jessica, uniq_crazy_yiuf_cottage, uniq_robin
D:4:      layout_rooms, temple_hall
D:5:      layout_gridville
D:6:      layout_gridville
D:7:      layout_cave_pools, minitemple, enter_ossuary_4, uniq_jeremiah,
          uniq_joseph, uniq_maggie
Temple:   compressed_dpeg_triangle_lava_temple

Skill      XL: |  1  2  3  4  5  6  7  8  9 |
---------------+----------------------------+-----
Ranged Weapons | 6 8 9 10 12 13 14 | 14.7
Dodging        | 3 4 5 |  5.2
Fighting       | 2 3 |  3.0
Invocations    | 1 4 |  4.1
Armour         | 1 |  1.4
Stealth        | |  1.2

Action                     |  1- 3 |  4- 6 |  7- 9 || total
---------------------------+-------+-------+-------++-------
   Fire: Shortbow          |    85 |    95 |   174 ||   354
         Arbalest          |       |       |    52 ||    52
 Invoke: Heroism           |       |       |     4 ||     4
    Use: Scroll            |     7 |       |     9 ||    16
         Potion            |     2 |       |     1 ||     3
 Armour: Leather armour    |    12 |     2 |       ||    14
         Robe              |       |    19 |    19 ||    38
         Ring mail         |       |       |    33 ||    33
  Dodge: Dodged            |    11 |    19 |    55 ||    85

Table legend:
 A = Non-vault XP
 B = Vault XP
 C = Vault XP percentage of total XP
 D = Non-vault monster count
 E = Vault monster count
 F = Vault count percentage of total count
                 A         B        C        D         E       F
            +---------+---------+-------+---------+---------+-------
      Total |    2849 |     858 |  23.1 |     118 |      11 |   8.5
            +---------+---------+-------+---------+---------+-------
        D:1 |      19 |       0 |   0.0 |      11 |       0 |   0.0
        D:2 |      46 |       0 |   0.0 |      21 |       0 |   0.0
        D:3 |     184 |      65 |  26.1 |      17 |       8 |  32.0
        D:4 |     465 |       0 |   0.0 |      20 |       0 |   0.0
        D:5 |     357 |       0 |   0.0 |      11 |       0 |   0.0
        D:6 |     748 |       0 |   0.0 |      21 |       0 |   0.0
        D:7 |    1030 |     793 |  43.5 |      17 |       3 |  15.0
            +---------+---------+-------+---------+---------+-------
